Map: Tours du crépuscule

Players

Kryptikkz - Winner!

  • Race: Protoss Protoss
  • League: Silver
  • Spawn Location: 1:00

zidar

  • Race: Zerg Zerg
  • League: Silver
  • Spawn Location: 7:00

VOD

Have the link to the VOD?

Description

Time

  • Played on: Dec. 16, 2015, 9:09 a.m.
  • Length: 12:37
Show
View Real Time Build Order
Export as new Build Order

Kryptikkz Protoss - Winner!

Build Orders: 1 Gate Expand, Chargelot Immortal 

Get SALT Encoding   

  12  0:01  Probe (Chrono Boost)  
  13  0:11  Probe (Chrono Boost)  
  14  0:18  Pylon  
  14  0:23  Probe (Chrono Boost)  
  15  0:36  Gateway  
  15  0:42  Probe (Chrono Boost)  
  16  0:48  Assimilator  
  16  0:52  Probe (Chrono Boost)  
  17  1:03  Probe (Chrono Boost)  
  18  1:13  Probe (Chrono Boost)  
  19  1:28  Nexus  
  19  1:32  Cybernetics Core  
  19  1:35  Probe (Chrono Boost)  
  20  1:46  Probe (Chrono Boost), Pylon  
  21  2:07  Gateway  
  21  2:12  Pylon  
  21  2:15  Mothership Core (Chrono Boost)  
  23  2:18  Assimilator  
  23  2:26  Warp Gate  
  23  2:45  Probe x2 (Chrono Boost)  
  25  2:55  Probe x2 (Chrono Boost)  
  27  2:58  Twilight Council  
  27  3:06  Probe x2 (Chrono Boost)  
  29  3:13  Robotics Facility  
  29  3:20  Zealot  
  29  3:21  Zealot  
  29  3:23  Probe x2 (Chrono Boost)  
  35  3:29  Pylon  
  35  3:33  Probe (Chrono Boost)  
  36  3:34  Probe (Chrono Boost)  
  37  3:50  Charge  
  37  3:53  Zealot  
  37  3:54  Zealot  
  41  4:00  Probe x2 (Chrono Boost)  
  43  4:32  Gateway  
  43  4:34  Immortal (Chrono Boost)  
  43  4:37  Gateway, Forge  
  47  4:40  Probe  
  47  4:41  Probe  
  49  4:50  Probe  
  50  4:53  Probe  
  50  4:54  Zealot  
  50  4:56  Zealot  
  55  5:01  Probe  
  55  5:05  Immortal (Chrono Boost)  
  56  5:12  Protoss Ground Weapons Level 1 (Chrono Boost)  
  60  5:41  Zealot  
  62  5:50  Pylon  
  62  5:52  Pylon  
  62  5:56  Pylon  
  62  6:03  Immortal  
  62  6:06  Pylon  
  62  6:08  Pylon  
  62  6:10  Zealot x4  
  74  6:22  Pylon  
  74  6:24  Pylon  
  74  6:31  Zealot x4  
  82  6:41  Pylon  
  82  6:52  Sentry x3  
  84  7:33  Zealot x3  
  84  7:34  Zealot  
  82  7:58  Stalker x4  
  88  8:00  Immortal  
  80  8:34  Immortal, Zealot x4  
  68  8:54  Zealot x3  
  68  8:55  Zealot  
  72  9:15  Assimilator  
  72  9:17  Assimilator  
  72  9:30  Gateway  
  72  9:32  Gateway  
  72  9:34  Gateway  
  72  9:35  Robotics Facility, Immortal  
  72  9:43  Nexus  
  72  9:44  Robotics Bay  
  76  9:46  Pylon x2  
  76  9:50  Robotics Bay, Assimilator  
  76  9:56  Assimilator  
  76  9:57  Forge  
  76  10:01  Protoss Ground Weapons Level 2 (Chrono Boost)  
  72  10:10  Sentry x3  
  72  10:13  Zealot  
  80  10:37  Immortal, Zealot x4  
  80  10:42  Immortal  
  96  11:05  Probe  
  96  11:07  Probe x2  
  96  11:11  Disruptor  
  99  11:12  Zealot x6  
  99  11:13  Zealot  
  99  11:16  Probe  
  117  11:19  Probe x2  
  117  11:20  Disruptor  
  108  11:42  Disruptor  
  108  11:44  Stalker x7  
  122  11:48  Probe  
  122  11:50  Probe x2  
  128  12:09  Zealot x3  
  128  12:10  Sentry  
  128  12:11  Sentry  
  128  12:14  Zealot  
Show
View Real Time Build Order
Export as new Build Order

zidar Zerg 

Build Orders: Hatch First 

Get SALT Encoding   

  12  0:02  Drone  
  13  0:10  Drone  
  14  0:17  Extractor  
  14  0:19  Overlord  
  13  0:23  Drone  
  15  0:38  Drone x2  
  17  0:59  Drone  
  17  1:00  Hatchery  
  17  1:04  Extractor  
  17  1:05  Drone  
  17  1:16  Drone  
  18  1:24  Spawning Pool  
  17  1:28  Drone  
  17  1:31  Drone  
  19  1:58  Hatchery  
  19  2:01  Drone  
  19  2:07  Overlord  
  19  2:14  Metabolic Boost  
  19  2:28  Queen  
  21  2:36  Queen  
  23  2:42  Drone  
  23  2:58  Drone x5  
  28  3:16  Extractor  
  27  3:23  Roach Warren  
  27  3:25  Queen  
  28  3:32  Drone  
  28  3:33  Drone x2  
  31  3:39  Drone x4  
  35  3:59  Lair  
  35  4:08  Evolution Chamber x2  
  33  4:13  Drone x4  
  33  4:14  Drone x2  
  39  4:21  Overlord  
  39  4:22  Overlord  
  39  4:27  Overlord  
  39  4:37  Zerg Missile Weapons Level 1  
  39  4:40  Zerg Ground Armor Level 1  
  39  4:43  Drone  
  40  4:52  Drone x5  
  45  4:58  Extractor  
  44  5:00  Extractor  
  43  5:15  Drone x7  
  50  5:24  Glial Reconstitution  
  50  5:36  Hydralisk Den  
  50  5:41  Roach x4  
  57  5:59  Overlord x4  
  57  6:14  Muscular Augments  
  57  6:17  Roach  
  57  6:18  Roach x8  
  75  6:27  Drone x6  
  75  6:28  Drone  
  82  6:33  Zerg Missile Weapons Level 2  
  82  6:40  Zerg Ground Armor Level 2  
  82  6:48  Hydralisk x2  
  82  6:50  Hydralisk  
  82  6:52  Hydralisk  
  40  7:39  Roach x6  
  40  7:40  Roach x2, Hydralisk x2  
  40  7:41  Roach x8  
  56  8:32  Roach  
  56  8:33  Roach x11  
  53  9:16  Roach, Hydralisk x3  
  53  9:17  Hydralisk x2  
  59  9:23  Hatchery  
  64  9:39  Extractor  
  64  9:40  Extractor  
  62  9:49  Hydralisk  
  62  9:50  Hydralisk x2  
  68  9:53  Roach  
  68  9:54  Roach  
  72  10:26  Roach, Hydralisk x2  
  72  10:27  Roach x3  
  84  10:51  Spawning Pool  
  83  10:59  Ravager x2  
  83  11:00  Ravager x2  
  79  11:47  Queen  
  79  11:52  Overlord  
  79  11:53  Overlord x2  
  81  12:00  Hydralisk x2  
  81  12:01  Roach  
  87  12:15  Roach x2  
Tags
 
Add a new tag
Caveats
  • Supply blocks, unpowered buildings, or Contaminate may cause inaccurate times.
  • Supply counts are checked every 10 seconds.